Map: Orbital Shipyard

Players

BowmanSX (bowman) - Winner!

  • Race: Protoss Protoss
  • League: Grandmaster

ThisGuyFcks

  • Race: Zerg Zerg
  • League: Grandmaster

VOD

Have the link to the VOD?

Description

Time

  • Played on: Jan. 28, 2016, 2:37 p.m.
  • Length: 16:48
Show
View Real Time Build Order
Export as new Build Order

BowmanSX Protoss - Winner!

Build Orders: Nexus First 

Get SALT Encoding   

  12  0:01  Probe (Chrono Boost)  
  13  0:11  Probe (Chrono Boost)  
  14  0:17  Pylon  
  14  0:23  Probe (Chrono Boost)  
  15  0:35  Probe (Chrono Boost)  
  16  0:46  Probe (Chrono Boost)  
  17  0:57  Nexus  
  17  1:07  Gateway  
  17  1:10  Probe (Chrono Boost)  
  18  1:15  Assimilator  
  18  1:21  Probe (Chrono Boost)  
  18  1:24  Assimilator  
  19  1:31  Probe (Chrono Boost)  
  20  1:36  Pylon  
  20  1:42  Probe (Chrono Boost)  
  21  1:48  Gateway  
  21  1:52  Probe (Chrono Boost)  
  22  2:01  Cybernetics Core  
  22  2:03  Probe (Chrono Boost)  
  23  2:09  Probe (Chrono Boost)  
  23  2:13  Probe (Chrono Boost)  
  25  2:20  Probe (Chrono Boost)  
  26  2:24  Probe (Chrono Boost)  
  27  2:30  Probe (Chrono Boost)  
  27  2:34  Probe (Chrono Boost)  
  29  2:37  Adept x2 (Chrono Boost)  
  29  2:38  Warp Gate (Chrono Boost)  
  29  2:44  Mothership Core  
  35  2:47  Probe  
  36  2:59  Probe  
  36  3:01  Sentry (Chrono Boost), Adept (Chrono Boost)  
  36  3:04  Pylon  
  36  3:05  Probe (Chrono Boost)  
  42  3:11  Probe (Chrono Boost)  
  43  3:17  Probe (Chrono Boost)  
  43  3:18  Assimilator  
  44  3:22  Probe (Chrono Boost)  
  44  3:24  Assimilator  
  44  3:26  Stargate  
  45  3:27  Probe (Chrono Boost)  
  45  3:33  Probe (Chrono Boost)  
  47  3:38  Probe (Chrono Boost)  
  48  3:46  Probe (Chrono Boost)  
  48  3:47  Adept x2  
  48  3:48  Forge  
  51  3:50  Probe (Chrono Boost)  
  52  3:56  Probe (Chrono Boost), Pylon  
  52  3:59  Probe  
  54  4:10  Oracle (Chrono Boost)  
  54  4:14  Probe x2  
  59  4:21  Photon Cannon  
  59  4:22  Protoss Ground Weapons Level 1 (Chrono Boost)  
  57  4:32  Photon Cannon  
  57  4:50  Probe x2  
  56  4:58  Oracle  
  56  5:02  Probe  
  56  5:03  Probe  
  61  5:07  Twilight Council  
  61  5:14  Probe  
  61  5:15  Probe  
  61  5:18  Pylon  
  61  5:20  Pylon  
  62  5:23  Pylon  
  62  5:42  Adept x2  
  55  6:03  Probe x2 (Chrono Boost)  
  52  6:15  Probe x2 (Chrono Boost), Adept  
  52  6:16  Charge  
  52  6:17  Void Ray  
  52  6:18  Pylon x2  
  60  6:25  Protoss Ground Weapons Level 2  
  60  6:26  Probe x2 (Chrono Boost)  
  60  6:30  Templar Archives  
  62  6:34  Gateway  
  62  6:35  Zealot  
  62  6:36  Probe x2 (Chrono Boost), Zealot, Gateway  
  68  6:47  Probe x2 (Chrono Boost)  
  70  6:57  Probe x2 (Chrono Boost)  
  70  7:08  Probe x2 (Chrono Boost)  
  71  7:19  Probe (Chrono Boost)  
  71  7:21  Probe (Chrono Boost)  
  73  7:24  Stargate  
  73  7:29  Probe (Chrono Boost)  
  74  7:35  Stargate  
  74  7:36  Nexus  
  74  7:42  Probe x2 (Chrono Boost), Protoss Air Weapons Level 1  
  76  7:46  Psionic Storm  
  76  7:47  Void Ray  
  76  7:51  Zealot x2, High Templar x2  
  84  7:56  Nexus  
  84  7:57  Gateway  
  88  8:01  Gateway  
  88  8:07  Pylon  
  88  8:09  Pylon  
  88  8:13  Probe x2 (Chrono Boost)  
  88  8:15  Pylon  
  88  8:17  Pylon  
  90  8:24  Void Ray  
  94  8:35  Probe x2 (Chrono Boost)  
  94  8:37  Void Ray  
  100  8:52  Zealot x4  
  108  9:05  Nexus  
  108  9:13  Assimilator  
  108  9:18  Assimilator  
  108  9:23  Probe x2 (Chrono Boost)  
  110  9:24  Oracle x3  
  119  9:33  Zealot, High Templar x2  
  122  9:39  Zealot x3  
  128  9:49  Protoss Ground Weapons Level 3  
  128  9:56  Photon Cannon  
  128  9:58  Photon Cannon  
  128  9:59  Zealot  
  130  10:02  Zealot x3  
  130  10:06  Probe x3 (Chrono Boost)  
  139  10:16  Oracle x3  
  139  10:20  Probe x3 (Chrono Boost)  
  136  10:51  Oracle  
  123  10:57  Archon  
  123  11:02  High Templar x2  
  123  11:03  Zealot, High Templar x2  
  111  11:06  Probe x2 (Chrono Boost)  
  111  11:08  Assimilator x2  
  111  11:10  Photon Cannon  
  109  11:12  Photon Cannon  
  109  11:13  Pylon  
  109  11:14  Photon Cannon  
  109  11:15  Probe x2 (Chrono Boost)  
  109  11:17  Gateway, Pylon  
  111  11:19  Archon x2  
  111  11:20  Zealot, Pylon  
  111  11:23  Gateway x2  
  113  11:28  Probe x3 (Chrono Boost)  
  116  11:37  Void Ray x3  
  128  11:43  Zealot x6  
  132  12:15  Zealot x2  
  133  12:17  Zealot  
  133  12:18  Zealot x3  
  111  12:38  Probe x3 (Chrono Boost)  
  111  12:39  Zealot x5  
  111  12:40  Zealot x4  
  129  12:47  Probe (Chrono Boost)  
  129  12:49  Mothership Core (Chrono Boost), Probe (Chrono Boost)  
  133  12:59  Probe (Chrono Boost)  
  133  13:01  High Templar x5  
  133  13:02  High Templar  
  133  13:03  Zealot x2  
  100  13:31  High Templar  
  100  13:32  High Templar  
  100  13:33  Void Ray x3  
  114  13:37  Zealot  
  114  13:38  Zealot x6  
  124  13:48  Archon x2  
  114  13:59  High Templar x3  
  114  14:00  Zealot x3, High Templar  
  128  14:11  Archon  
  128  14:17  Pylon  
  128  14:20  Void Ray x3  
  140  14:24  Archon x2  
  140  14:25  High Templar  
  140  14:26  Zealot, High Templar  
  140  14:27  Zealot x2  
  150  14:31  Archon  
  150  14:36  Zealot x4  
  158  14:45  Protoss Shields Level 1  
  158  14:51  Zealot, High Templar x2  
  164  15:04  High Templar x2  
  164  15:05  Zealot x4  
  176  15:08  Archon  
  176  15:15  Nexus  
  176  15:28  Pylon  
  176  15:30  Pylon  
  176  15:33  Pylon  
  176  15:35  Pylon  
  176  15:45  Void Ray  
  176  15:46  Void Ray x2  
  137  16:16  High Templar x2  
  137  16:17  Zealot x7  
Show
View Real Time Build Order
Export as new Build Order

ThisGuyFcks Zerg 

Build Orders: Hatch First 

Get SALT Encoding   

  12  0:01  Drone  
  13  0:07  Drone  
  14  0:16  Overlord  
  14  0:23  Drone, Extractor  
  15  0:35  Drone x2  
  17  0:52  Hatchery  
  17  0:54  Drone  
  17  0:57  Drone  
  18  1:10  Spawning Pool  
  17  1:12  Extractor  
  17  1:15  Drone  
  17  1:17  Drone  
  18  1:27  Drone  
  19  1:44  Hatchery  
  19  1:46  Drone  
  19  1:48  Drone  
  20  1:56  Queen  
  22  2:05  Queen  
  24  2:11  Drone  
  24  2:15  Overlord  
  25  2:18  Drone  
  25  2:21  Drone  
  27  2:23  Drone  
  28  2:32  Metabolic Boost  
  28  2:34  Drone x2  
  30  2:37  Drone  
  30  2:41  Drone  
  32  2:46  Queen  
  32  2:49  Drone  
  35  2:52  Drone  
  35  2:56  Overlord  
  36  2:59  Drone  
  36  3:03  Evolution Chamber  
  36  3:07  Zergling x6  
  36  3:11  Zergling x4  
  41  3:15  Overlord  
  41  3:17  Zergling x2  
  41  3:19  Zergling x2  
  43  3:21  Drone  
  43  3:22  Drone  
  43  3:24  Drone  
  46  3:29  Zerg Melee Weapons Level 1  
  46  3:30  Drone  
  46  3:31  Drone  
  45  3:43  Zergling x2  
  45  3:44  Zergling x6  
  47  3:53  Zergling x14  
  54  3:56  Overlord  
  54  3:57  Zergling x4  
  54  4:02  Zergling x2  
  57  4:09  Drone  
  58  4:12  Overlord  
  58  4:13  Baneling Nest  
  58  4:14  Queen  
  58  4:16  Overlord  
  59  4:17  Drone x2  
  61  4:29  Zergling x14  
  66  4:33  Overlord  
  66  4:34  Drone  
  66  4:36  Drone  
  55  4:53  Zergling x16  
  55  4:58  Overlord  
  63  5:02  Queen  
  63  5:04  Spore Crawler  
  64  5:07  Spore Crawler, Drone  
  64  5:08  Drone x5  
  69  5:20  Baneling x6  
  69  5:27  Hatchery  
  66  5:32  Drone  
  66  5:33  Drone x5  
  55  6:05  Drone x2  
  55  6:06  Drone x2, Zergling x2  
  55  6:07  Zergling x14  
  66  6:11  Hatchery, Queen  
  66  6:14  Lair  
  66  6:18  Overlord, Extractor  
  67  6:19  Extractor  
  65  6:26  Zergling x4  
  67  6:39  Drone  
  72  6:40  Drone x8  
  72  6:42  Overlord  
  72  6:43  Drone  
  72  6:44  Drone x3  
  80  6:48  Spore Crawler  
  72  7:09  Zergling x20  
  72  7:10  Zergling x8  
  72  7:13  Overlord  
  72  7:14  Zerg Melee Weapons Level 2  
  86  7:18  Centrifical Hooks  
  86  7:20  Queen  
  86  7:21  Drone x2  
  86  7:22  Drone x3  
  93  7:24  Extractor  
  93  7:26  Extractor  
  89  7:33  Zergling x18  
  98  7:40  Drone  
  98  7:42  Drone  
  100  7:45  Hatchery  
  100  7:47  Drone  
  100  7:49  Overlord, Drone x3  
  103  8:02  Extractor  
  103  8:03  Drone  
  103  8:04  Hydralisk Den  
  103  8:05  Drone x2  
  104  8:14  Overlord  
  104  8:15  Zergling x4  
  104  8:16  Zergling x26  
  104  8:18  Overseer  
  119  8:28  Drone  
  119  8:31  Drone x11  
  131  8:36  Overseer  
  127  8:59  Zergling x32  
  127  9:00  Zergling x8  
  141  9:02  Overlord  
  141  9:10  Spine Crawler  
  141  9:12  Overseer  
  141  9:16  Muscular Augments  
  140  9:19  Infestation Pit  
  139  9:24  Spine Crawler  
  138  9:41  Overlord  
  138  9:43  Zerg Ground Armor Level 1  
  138  9:46  Evolution Chamber, Hydralisk x6  
  138  9:48  Overlord  
  138  9:49  Overlord x5  
  149  9:54  Baneling x8  
  149  9:55  Baneling x9  
  149  10:06  Hive  
  149  10:07  Overlord  
  149  10:08  Zergling x2  
  149  10:09  Zergling x28  
  149  10:10  Zergling x2  
  149  10:13  Queen  
  165  10:17  Queen  
  167  10:30  Hydralisk x7  
  175  10:40  Zergling x2  
  175  10:41  Zergling x20  
  119  11:10  Hydralisk  
  121  11:11  Hydralisk x10  
  141  11:26  Baneling  
  141  11:27  Baneling x12  
  141  11:28  Hatchery  
  140  11:33  Adrenal Glands  
  99  12:30  Hydralisk x8  
  99  12:31  Hydralisk x6  
  114  12:56  Zergling x18  
  114  12:57  Zergling x20  
  88  13:34  Hydralisk x4  
  88  13:35  Hydralisk x3  
  88  13:40  Hatchery  
  92  14:21  Ultralisk Cavern, Queen x3  
  97  14:32  Hatchery  
  96  14:40  Queen  
  98  14:46  Baneling x2  
  98  14:47  Zergling x10, Baneling  
  103  14:54  Infestor x2  
  103  14:55  Infestor x3  
  103  14:56  Queen  
  115  15:09  Chitinous Plating  
  115  15:16  Baneling  
  115  15:17  Baneling x2  
  115  15:25  Ultralisk  
  121  15:35  Baneling x6  
  121  15:36  Baneling  
  121  15:43  Ultralisk  
Tags
 
Add a new tag
Caveats
  • Supply blocks, unpowered buildings, or Contaminate may cause inaccurate times.
  • Supply counts are checked every 10 seconds.